 Dungeon Crawl Stone Soup version 0.17-a0-1522-g6c5b4ba (webtiles) character file.

3074 namelastname112 the Grappler (level 9, -1/67 HPs)
             Began as a Mottled Draconian Skald on July 14, 2015.
             Was a Believer of Fedhas.
             Slain by a killer bee (7 damage)
             ... on level 7 of the Dungeon.
             The game lasted 00:14:12 (7527 turns).

namelastname112 the Grappler (DrSk)                 Turns: 7527, Time: 00:14:12

Health: -1/67      AC:  7    Str: 15    XL:     9   Next: 58%
Magic:  12/12      EV: 12    Int: 12    God:    Fedhas [**....]
Gold:   327        SH:  0    Dex: 14    Spells: 2 memorised, 5 levels left

rFire  . . .     SeeInvis .       - Unarmed
rCold  . . .     Clarity  .     (armour unavailable)
rNeg   . . .     SustAt   .     (no shield)
rPois  .         Gourm    .     (helmet restricted)
rElec  .         Spirit   .     (no cloak)
rCorr  .         Warding  .     (no gloves)
rMut   .         Stasis   .     (no boots)
MR     .....                    (no amulet)
Stlth  +.........               (no ring)
                                (no ring)

@: lethally poisoned (-1 -> -8), not resistant to hostile enchantments, very
unstealthy
A: breathe sticky flame splash, unfitting armour, cold-blooded, AC +7
a: Breathe Sticky Flame, Evolution, Sunlight, Renounce Religion


You were on level 7 of the Dungeon.
You worshipped Fedhas.
Fedhas was pleased with you.
You were hungry.

You visited 2 branches of the dungeon, and saw 8 of its levels.

You collected 327 gold pieces.

Inventory:

Hand weapons
 d - a +1 short sword of venom
Missiles
 D - 3 curare-tipped needles
Jewellery
 k - an uncursed amulet of clarity {unknown}
 y - an uncursed ring of protection from magic {unknown}
Magical devices
 v - a wand of fireball (4)
 E - a wand of polymorph (13)
Scrolls
 c - 2 scrolls of magic mapping {unknown}
 j - 3 scrolls of remove curse {unknown}
 n - 2 scrolls of teleportation {unknown}
 p - 3 scrolls of enchant armour {unknown}
 q - 8 scrolls of identify {unknown}
 r - 4 scrolls of blinking {unknown}
 s - 2 scrolls of random uselessness {unknown}
 t - a scroll of fog {unknown}
 u - a scroll of fear {unknown}
 w - 2 scrolls of recharging {unknown}
 C - 4 scrolls of amnesia {unknown}
 F - a scroll of noise {unknown}
Potions
 e - a potion of degeneration {unknown}
 f - 2 potions of cancellation {unknown}
 g - a potion of magic {unknown}
 h - a potion of brilliance {unknown}
 i - a potion of curing
 x - a potion of cure mutation {unknown}
 A - 2 potions of mutation {unknown}
 G - a potion of heal wounds
Books
 a - a book of Battle

   Spells                             Type                      Level
   a - Infusion                       Charms                       1
   b - Shroud of Golubria             Charms/Translocation         2
   c - Song of Slaying                Charms                       2
   d - Spectral Weapon                Hexes/Charms                 3
   e - Regeneration                   Charms/Necromancy            3
 l - a book of Burglary

   Spells                             Type                      Level
   a - Swiftness                      Charms/Air                   2
   b - Passwall                       Transmutation/Earth          3
   c - Passage of Golubria            Translocation                4
   d - Lee's Rapid Deconstruction     Earth                        5
   e - Invisibility                   Hexes                        6
   f - Darkness                       Hexes                        7
 z - a book of Transfigurations

   Spells                             Type                      Level
   a - Stoneskin                      Transmutation/Earth          2
   b - Irradiate                      Conjuration/Transmutation    5
   c - Statue Form                    Transmutation/Earth          6
   d - Hydra Form                     Transmutation                6
   e - Dragon Form                    Transmutation                7
 B - a book of Conjurations

   Spells                             Type                      Level
   a - Magic Dart                     Conjuration                  1
   b - Searing Ray                    Conjuration                  2
   c - Dazzling Spray                 Conjuration/Hexes            3
   d - Fulminant Prism                Conjuration/Hexes            4
   e - Iskenderun's Mystic Blast      Conjuration                  4
   f - Iskenderun's Battlesphere      Conjuration/Charms           5
Comestibles
 b - 8 bread rations
 m - 2 meat rations
 o - a beef jerky


   Skills:
 - Level 2.1 Fighting
 - Level 1.3 Dodging
 + Level 13.1 Unarmed Combat
 - Level 2.0 Spellcasting
 - Level 2.6 Charms


You had 5 spell levels left.
You knew the following spells:

 Your Spells              Type           Power        Failure   Level  Hunger
a - Statue Form           Trmt/Erth      #........    100%        6    #######
z - Infusion              Chrm           #.....       12%         1    ##.....


Dungeon Overview and Level Annotations

Branches:
Dungeon (7/15)             Temple (1/1) D:6

Altars:
Cheibriados
Dithmenos
Elyvilon
Fedhas
Kikubaaqudgha
Okawaru
Qazlal
Ru
Sif Muna
Zin
The Shining One


Innate Abilities, Weirdness & Mutations

You can spit globs of burning liquid.
You can ignite nearby creatures when you spit burning liquid.
Your weird mottled scales are hard (AC +7).
Your body does not fit into most forms of armour.
You are cold-blooded and may be slowed by cold attacks.


Message History

The killer bee closely misses you.
You hit the killer bee but do no damage.
Your tail-slap misses the killer bee.
The killer bee is severely wounded.
The killer bee misses you.
The killer bee stings you but does no damage.
You barely miss the killer bee.
The killer bee is severely wounded.
The killer bee stings you.
* * * LOW HITPOINT WARNING * * *
You are lethally poisoned!
The killer bee poisons you! The killer bee stings you.
* * * LOW HITPOINT WARNING * * *
Drink which item? (? for menu, Esc to quit)
You feel better. The killer bee stings you!
* * * LOW HITPOINT WARNING * * *
You are lethally poisoned!
The killer bee poisons you! The killer bee stings you!
You die...
Fedhas appreciates your contribution to the ecosystem.

#..###'###'#....#+#####.
####.........#+## ####+
#.......P.+ .....
#.........# .....
#.........# .....
####.........# #+ ####
#....##+#...#####.######
#.......+...+.+........+
#......@#...#.####.##.##
########y...#.####'##.##
y...+....'.+....
....#...##.##.##
....#...##.##.##
....+....+.+....
....#'#######+##
....#..####.....
#.....+.....


You could see 2 killer bees.

Vanquished Creatures
  Sigmund (D:2)
  A spriggan (D:7)
  Duvessa (D:4)
  2 ice beasts
  A phantom (D:7)
  7 ogres
  4 centaurs
  2 sky beasts
  4 giant frogs
  Dowan (D:4)
  3 scorpions
  3 killer bees (D:7)
  2 jellies
  A crimson imp (D:6)
  A giant frog skeleton (D:6)
  3 orc priests
  A centaur skeleton (D:6)
  An iguana (D:6)
  Terence (D:2)
  3 worker ants
  Natasha (twice) (D:2)
  2 orc wizards (D:5)
  5 adders
  3 shadow imps
  2 oozes
  4 worms
  2 adder skeletons
  4 giant geckos
  15 orcs
  7 bats
  9 giant cockroaches
  12 goblins
  7 hobgoblins
  A quokka (D:7)
  7 giant newts
  8 jackals
  14 kobolds
  13 rats
160 creatures vanquished.

Vanquished Creatures (others)
  A sky beast (D:6)
  A necrophage (D:6)
  A worker ant zombie (D:7)
  A quokka zombie (D:6)
  A butterfly (D:6)
  54 toadstools
59 creatures vanquished.

Grand Total: 219 creatures vanquished

Notes
Turn   | Place    | Note
--------------------------------------------------------------
     0 | D:1      | namelastname112 the Draconian Skald began the quest for the Orb.
     0 | D:1      | Reached XP level 1. HP: 17/17 MP: 3/3
   148 | D:1      | Reached XP level 2. HP: 19/24 MP: 5/5
   151 | D:1      | Reached skill level 3 in Unarmed Combat
   722 | D:2      | Noticed Natasha
   730 | D:2      | Killed Natasha
   730 | D:2      | Reached XP level 3. HP: 15/29 MP: 6/6
   822 | D:2      | Noticed Natasha
   829 | D:2      | Killed Natasha
   829 | D:2      | Reached skill level 4 in Unarmed Combat
  1471 | D:2      | Noticed Terence
  1478 | D:2      | Killed Terence
  1478 | D:2      | Reached XP level 4. HP: 23/36 MP: 7/7
  1725 | D:2      | Noticed Sigmund
  1748 | D:2      | Killed Sigmund
  1748 | D:2      | Reached skill level 6 in Unarmed Combat
  1748 | D:2      | Reached XP level 5. HP: 33/41 MP: 8/8
  1871 | D:2      | Reached XP level 6. HP: 38/48 MP: 9/9
  2089 | D:3      | Found a white marble altar of Elyvilon.
  2941 | D:4      | Reached skill level 7 in Unarmed Combat
  3205 | D:4      | Your scales start taking on a weird mottled colour.
  3205 | D:4      | Reached XP level 7. HP: 27/55 MP: 10/10
  3427 | D:4      | Reached skill level 8 in Unarmed Combat
  3456 | D:4      | Learned a level 6 spell: Statue Form
  3505 | D:4      | Noticed Duvessa
  3505 | D:4      | Noticed Dowan
  3524 | D:4      | Killed Duvessa
  3535 | D:4      | Killed Dowan
  4234 | D:4      | Reached skill level 9 in Unarmed Combat
  4371 | D:4      | You fall through a shaft for 2 floors!
  4371 | D:6      | Found a staircase to the Ecumenical Temple.
  4375 | Temple   | Entered the Ecumenical Temple
  4383 | Temple   | Became a worshipper of Fedhas Madash
  4426 | D:6      | Reached XP level 8. HP: 17/61 MP: 11/11
  4451 | D:6      | Reached skill level 10 in Unarmed Combat
  4542 | D:6      | Found a stormy altar of Qazlal.
  4803 | D:6      | Acquired Fedhas's first power
  5032 | D:6      | Reached skill level 11 in Unarmed Combat
  5166 | D:6      | Found an iron altar of Okawaru.
  5167 | D:6      | Found a snail-covered altar of Cheibriados.
  5251 | D:5      | Entered Level 5 of the Dungeon
  5739 | D:5      | Reached XP level 9. HP: 42/67 MP: 12/12
  6266 | D:5      | Acquired Fedhas's second power
  6326 | D:5      | Reached skill level 12 in Unarmed Combat
  7505 | D:7      | Reached skill level 13 in Unarmed Combat
  7527 | D:7      | Slain by a killer bee

Vault maps used:
D:1:      dpeg_arrival_short_road, hangedman_decor_points
D:2:      first_bread, uniq_sigmund, uniq_natasha, uniq_terence
D:3:      elyvilon_altar_4
D:4:      kennysheep_six_static_rooms, uniq_duvessa
D:6:      overflow_temple_1_default, gammafunk_temple_overflow_statue,
          minmay_temple_entry_butterflies
D:7:      the_bakery, grunt_ministairs_4
Temple:   circular_temple_12

Action                   |  1- 3 |  4- 6 |  7- 9 || total
-------------------------+-------+-------+-------++-------
Melee: Short sword       |    79 |   127 |    57 ||   263
       Unarmed           |     2 |       |   287 ||   289
 Abil: Breathe Sticky Fl |       |       |     9 ||     9
Evoke: Wand              |       |       |     1 ||     1
  Use: Potion            |       |     1 |     4 ||     5
 Stab: Sleeping          |       |     2 |     2 ||     4
       Distracted        |       |       |     1 ||     1
  Eat: Chunk             |     2 |     4 |    11 ||    17
       Pizza             |       |       |     1 ||     1
       Royal jelly       |       |       |     1 ||     1
       Beef jerky        |       |       |     1 ||     1
